 Dungeon Crawl Stone Soup version 0.27-a0-562-g0d39f094a4 (webtiles) character file.

Game seed: 15366863826191521933

200 kae the Ruffian (level 5, -3/45 HPs)
             Began as a Naga Transmuter on Mar 8, 2021.
             Slain by Grinder (5 damage)
             ... while paralysed by Grinder
             ... on level 4 of the Dungeon.
             The game lasted 00:03:18 (5439 turns).

kae the Ruffian (Naga Transmuter)                   Turns: 5439, Time: 00:03:18

Health: -3/45      AC:  2    Str: 13    XL:     5   Next: 79%
Magic:  4/9        EV:  5    Int: 13    God:
Gold:   67         SH:  0    Dex: 17    Spells: 5/9 levels left

rFire    . . .     SeeInvis +     - Unarmed
rCold    . . .     Faith    .   (shield currently unavailable)
rNeg     . . .     Spirit   .   (armour currently unavailable)
rPois    x         Reflect  .   (helmet currently unavailable)
rElec    .         Harm     .   (cloak currently unavailable)
rCorr    .         Rampage  .   (gloves currently unavailable)
Will     .....                  (no barding)
Stlth    ++........             (no amulet)
HPRegen  0.15/turn              (no ring)
MPRegen  0.11/turn              (no ring)

@: paralysed, spider-form
A: tiny, see invisible, spit poison 1, AC +1
a: Spit Poison, End Transformation


You were on level 4 of the Dungeon.
You were a venomous arachnid creature.
You visited 1 branch of the dungeon, and saw 4 of its levels.

You collected 67 gold pieces.

Inventory:

Armour
 a - a +0 robe (melded)
 b - a +0 cloak (melded)
Scrolls
 c - 4 scrolls of teleportation {unknown}
 e - 2 scrolls of amnesia {unknown}
 g - 2 scrolls of identify {unknown}
 j - 2 scrolls of magic mapping {unknown}
 l - a scroll of noise {unknown}
 n - a scroll of enchant weapon {unknown}
Potions
 d - a potion of haste {unknown}
 f - a potion of heal wounds
 h - a potion of invisibility {unknown}
 i - a potion of mutation {unknown}
 k - 2 potions of brilliance {unknown}
 m - a potion of cancellation {unknown}


   Skills:
 + Level 2.2 Fighting
 - Level 1.5 Dodging
 * Level 4.3 Unarmed Combat
 + Level 2.7 Spellcasting
 + Level 2.8 Transmutations
 * Level 2.8 Poison Magic


You had 5 spell levels left.
You knew the following spells:

 Your Spells              Type           Power      Damage    Failure   Level
a - Beastly Appendage     Tmut           18%        N/A       21%         1
b - Spider Form           Tmut/Pois      4%         N/A       43%         3

Your spell library contained the following spells:

 Spells                   Type           Power      Damage    Failure   Level
 Wereblood                Tmut           9%         N/A       26%         2
 Ice Form                 Ice/Tmut       5%         N/A       91%         4
 Blade Hands              Tmut           4%         N/A       97%         5


Dungeon Overview and Level Annotations

Branches:
Dungeon (4/15)
 Temple: D:4-7

Altars:
Elyvilon
Qazlal
Sif Muna
Trog
Xom
Yredelemnul

Annotations:
D:4 Grinder


Innate Abilities, Weirdness & Mutations

((Your serpentine skin is tough. (AC +1)))
You have supernaturally acute eyesight. (SInv)
((Armour fits poorly on your strangely shaped body.))
((Your system is resistant to poisons. (rPois)))
((You cover ground very slowly.))
You can spit poison.
((You have a snake-like lower body.))


Message History

Grinder is severely wounded.
You have got your breath back.
Grinder hits you.
You writhe in agony.
Abil: Spit Poison
Press: ? - help, Q - select action, (/) - cycle Shift-Dir - straight line, f/p - Grinder
Aim: Grinder (severely wounded, very poisoned)
The splash of poison misses Grinder.
Grinder hits you but does no damage.
Casting: Spider Form (quite dangerous; 22% risk of failure)
Confirm with . or Enter, or press ? or * to list all spells.
The spell is quite dangerous to cast (22% risk of failure)!
Continue anyway? [Y]es or [N]o only, please.
The spell is quite dangerous to cast (22% risk of failure)!
Continue anyway? [Y]es or [N]o only, please.
The spell is quite dangerous to cast (22% risk of failure)!
Continue anyway?
Okay, then.
Casting: Spider Form (quite dangerous; 22% risk of failure)
Confirm with . or Enter, or press ? or * to list all spells.
The spell is quite dangerous to cast (22% risk of failure)!
Continue anyway? [Y]es or [N]o only, please.
The spell is quite dangerous to cast (22% risk of failure)!
Continue anyway?
You turn into a venomous arachnid creature.
Your +0 cloak melds into your body.
Your +0 robe melds into your body.
Grinder hits you.
You hit Grinder.
Grinder is almost dead.
Grinder gestures at you.
You suddenly lose the ability to move!
Grinder hits you!
You writhe in agony.
* * * LOW HITPOINT WARNING * * *
Grinder gestures at you.
You shrug off the repeated paralysis!
Grinder gestures at you.
You shrug off the repeated paralysis!
You have got your breath back.
Grinder hits you but does no damage. Grinder hits you!
* * * LOW HITPOINT WARNING * * *
You writhe in agony.
You die...

......... .....
....... .#
#..#.
#.....###..
##r..
.........#
#....# .
#........#
..#...
...###.<).....#
......
........?......
......
#........#
......
#s5.....##
......
#.......#
......
#...(..$#
......
#..##...#
...... ..##
#### ...?..
..## #..... ##
..)...


You could see Grinder (poisoned).

Vanquished Creatures
  A hound (D:3)
  4 gnolls
  4 adders
  An ooze (D:1)
  3 worms
  2 dart slugs
  4 leopard geckos
  5 orcs (D:3)
  5 giant cockroaches
  7 goblins
  8 hobgoblins
  12 kobolds
  A quokka (D:3)
  3 bats
  8 frilled lizards
  7 rats
75 creatures vanquished.

Notes
Turn   | Place    | Note
-------+----------+-------------------------------------------
     0 | D:1      | kae the Naga Transmuter began the quest for the Orb.
     0 | D:1      | Reached XP level 1. HP: 18/18 MP: 3/3
   440 | D:1      | Reached XP level 2. HP: 22/25 MP: 1/5
  1156 | D:1      | Reached XP level 3. HP: 24/31 MP: 4/6
  1662 | D:1      | Learned a level 3 spell: Spider Form
  1709 | D:1      | HP: 1/31 [worm (8)]
  2105 | D:3      | Reached skill level 1 in Poison Magic
  2354 | D:3      | Reached XP level 4. HP: 39/39 MP: 4/7
  2836 | D:2      | Found a white marble altar of Elyvilon.
  3106 | D:2      | Found a bloodstained altar of Trog.
  3123 | D:2      | Reached skill level 4 in Unarmed Combat
  3126 | D:2      | Reached XP level 5. HP: 26/45 MP: 4/8
  3982 | D:2      | Found a basalt altar of Yredelemnul.
  4554 | D:3      | Found a shimmering altar of Xom.
  4557 | D:3      | Found a shimmering blue altar of Sif Muna.
  4562 | D:3      | Found a stormy altar of Qazlal.
  5381 | D:4      | Noticed a phantom
  5409 | D:4      | Noticed Grinder
  5434 | D:4      | Paralysed by Grinder for 7 turns
  5439 | D:4      | HP: 2/45 [Grinder (8)]
  5439 | D:4      | Slain by Grinder

Illustrated notes

Levels and vault maps discovered:
D:1:      minmay_arrival_wavy_path, layout_basic, due_unseen_surprise
D:2:      layout_basic, bloody_trog, kennysheep_ying_yang
D:3:      layout_loops_corners, grunt_temple_overflow_diamond
D:4:      layout_rooms, serial_shops, nicolae_shop_stone, uniq_natasha,
          uniq_grinder

Skill      XL: |  1  2  3  4 |
---------------+-------------+-----
Poison Magic   | 1 2 |  2.8
Unarmed Combat | 4 |  4.3
Fighting       | 2 |  2.2
Dodging        | |  1.5
Spellcasting   | |  2.7
Transmutations | |  2.8

Action                   |  1- 3 |  4- 6 || total
-------------------------+-------+-------++-------
Melee: Unarmed           |   100 |   138 ||   238
       Headbutt          |     6 |    10 ||    16
       Punch             |     3 |     1 ||     4
 Cast: Beastly Appendage |    15 |    20 ||    35
       Spider Form       |     2 |    10 ||    12
 Abil: Spit Poison       |     9 |    10 ||    19
  Use: Potion            |     2 |       ||     2
Armor: Robe              |    11 |    17 ||    28
       Skin              |       |     6 ||     6
Dodge: Dodged            |    52 |    74 ||   126

Table legend: (Time is in decaauts)
 A = Elapsed time spent in this place.
 B = Non-inter-level travel time spent in this place.
 C = Inter-level travel time spent in this place.
 D = Time resting spent in this place.
 E = Time spent auto-exploring this place.
 F = Levels seen in this place.
 G = Mean time per level.
                   A        B        C        D        E       F      G
               +--------+--------+--------+--------+--------+-----+--------+
         Total |   6309 |   6174 |    135 |    845 |   4672 |   4 | 1577.2 |
       Dungeon |   6309 |   6174 |    135 |    845 |   4672 |   4 | 1577.2 |
               +--------+--------+--------+--------+--------+-----+--------+

Top non-repeatable levels by time:
     D:3: 2465 daAuts
     D:1: 2003 daAuts
     D:2: 1805 daAuts
     D:4: 35 daAuts
